 Dungeon Crawl Stone Soup version 0.27-a0-1365-ge71e8f7681 (webtiles) character file.

Game seed: 9935498329733304508

295 Nattfarinn the Ducker (level 6, -3/46 HPs)
             Began as a Djinni Gladiator on June 28, 2021.
             Slain by a water moccasin (5 damage)
             ... on level 4 of the Dungeon.
             The game lasted 00:04:19 (4941 turns).

Nattfarinn the Ducker (Djinni Gladiator)            Turns: 4941, Time: 00:04:20

Health: -3/46      AC:  4    Str: 13    XL:     6   Next: 61%
Gold:   157        EV: 14    Int: 11    God:
                   SH:  0    Dex: 15

rFire    + + .     SeeInvis .   a - +0 long sword
rCold    x . .     Faith    .   (no shield)
rNeg     . . .     Spirit   .   h - +0 leather armour
rPois    ∞         Reflect  .   c - +0 helmet
rElec    .         Harm     .   (no cloak)
rCorr    .         Rampage  .   (no gloves)
Will     .....                  (boots unavailable)
Stlth    +.........             (no amulet)
HPRegen  0.15/turn              (no ring)
MPRegen  0.00/turn              (no ring)

@: flying
A: sickness immunity, fire resistance 2, cold vulnerability 1, float, innate
caster, hp casting, extra vitality 1
a: no special abilities


You were on level 4 of the Dungeon.
You visited 1 branch of the dungeon, and saw 4 of its levels.

You collected 157 gold pieces.

Inventory:

Hand Weapons
 a - a +0 long sword (weapon)
 b - a +2 dagger of holy wrath
 l - a +2 antimagic whip
Missiles
 d - a throwing net (quivered)
Armour
 c - a +0 helmet (worn)
 h - a +0 leather armour (worn)
Jewellery
 n - a ring of magical power
Scrolls
 e - a scroll of enchant armour
 f - a scroll of torment {unknown}
 i - a scroll of acquirement {unknown}
 j - 2 scrolls of identify
 k - a scroll of fog {unknown}
Potions
 g - a potion of curing {unknown}
 m - a potion of lignification {unknown}


   Skills:
 + Level 3.6 Fighting
 + Level 3.9 Long Blades
 - Level 1.5 Throwing
 * Level 5.8 Dodging


You had 2 spell levels left.
You knew the following spells:

 Your Spells              Type           Power      Damage    Failure   Level
a - Apportation           Tloc           0%         N/A       41%         1
b - Blink                 Tloc           N/A        N/A       56%         2
Your spell library was empty.

Dungeon Overview and Level Annotations

Branches:
Dungeon (4/15)
 Temple: D:4-7

Altars:
Sif Muna
Wu Jian


Innate Abilities, Weirdness & Mutations

You are immune to sickness and miasma.
You are immune to poison.
Your flesh is very heat resistant. (rF++)
You are vulnerable to cold. (rC-)
You float through the air rather than walking.
You learn spells naturally, not from books.
Your magical power is your life essence.
You have superior vitality. (+4 HP)


Message History

The black bear closely misses you.
You hit the black bear.
The black bear is severely wounded.
The black bear misses you.
You riposte.
You hit the black bear but do no damage.
The black bear is severely wounded.
The black bear claws you. The black bear barely misses you.
You hit the black bear but do no damage.
The black bear is severely wounded.
The howler monkey hoots and howls with incredible vigour!
The black bear bites you.
The black bear claws you but does no damage.
The black bear barely misses you.
You barely miss the black bear.
The black bear is severely wounded.
The black bear misses you. The black bear barely misses you.
The black bear claws you. The black bear closely misses you.
The black bear barely misses you.
The black bear claws you but does no damage.
You hit the black bear but do no damage.
The black bear is severely wounded.
The black bear bites you. The black bear completely misses you.
The black bear claws you but does no damage.
You slash the black bear!
The black bear is almost dead.
The black bear bites you. The black bear claws you.
The black bear closely misses you.
You hit the black bear.
You kill the black bear!
The water moccasin bites you.
You hit the water moccasin but do no damage.
The water moccasin bites you.
* * * LOW HITPOINT WARNING * * *
The water moccasin bites you!
* * * LOW HITPOINT WARNING * * *
As you read the scroll labelled DUCLIKI YXKAN, it crumbles to dust.
It is a scroll of identify.
e - a scroll of enchant armour The water moccasin bites you.
You die...

.♣.>. ... ....
... ... .... #..
##..... .. .#...
#.♣... #Zh.# .#
#S######.#
#|###@#....#.####
#........#.......
###
#######.#.....###
#.. #..$.......
#.# ##......##
#.# ##....## #.#
##.#### #.. #...#
#.# #...# #.#


You could see a water moccasin, a howler monkey and a hound skeleton.

Vanquished Creatures
  A black bear (D:4)
  A howler monkey (D:3)
  A centaur skeleton (D:4)
  Terence (D:3)
  2 orc wizards (D:4)
  A gnoll (D:1)
  2 adders
  2 worms
  A dart slug (D:1)
  An orc (D:3)
  9 endoplasms
  2 hobgoblins (D:1)
  2 jackals (D:1)
  5 kobolds
  2 quokkas
  5 ball pythons
  5 bats
  6 frilled lizards
  4 goblins
  6 rats
59 creatures vanquished.

Notes
Turn   | Place    | Note
-------+----------+-------------------------------------------
     0 | D:1      | Nattfarinn the Djinni Gladiator began the quest for the
                  | Orb.
     0 | D:1      | Reached XP level 1. HP: 18/18 MP: 0/0
   304 | D:1      | Reached XP level 2. HP: 15/23 MP: 0/0
   622 | D:1      | Found a faded altar of an unknown god.
   645 | D:1      | Reached XP level 3. HP: 19/29 MP: 0/0
   645 | D:1      | Learned a level 1 spell: Apportation
   767 | D:1      | Reached skill level 4 in Dodging
  1876 | D:2      | Reached XP level 4. HP: 34/34 MP: 0/0
  2895 | D:3      | Reached XP level 5. HP: 37/40 MP: 0/0
  2895 | D:3      | Learned a level 2 spell: Blink
  2986 | D:3      | Noticed Terence
  3001 | D:3      | Killed Terence
  3189 | D:3      | Found an ornate altar of the Wu Jian Council.
  3272 | D:3      | Reached skill level 5 in Dodging
  4202 | D:4      | Reached XP level 6. HP: 23/46 MP: 0/0
  4925 | D:4      | Noticed a black bear
  4926 | D:4      | Noticed a water moccasin
  4939 | D:4      | Killed a black bear
  4940 | D:4      | HP: 2/46 [water moccasin (7)]
  4941 | D:4      | Slain by a water moccasin

Illustrated notes

Levels and vault maps discovered:
D:1:      nagdon_arrival_zigzag_paths, layout_basic,
          hellmonk_ecumenical_altar_blasted
D:2:      layout_loops_corners
D:3:      layout_basic, overflow_temple_1_default, kennysheep_cluttered_room,
          serial_bayou_pond_a, grunt_decor_fettered, small_statue_alley_b,
          uniq_terence
D:4:      layout_loops_cross, led_sif_book, grunt_ministairs_13, nzn_random_ring

Skill      XL: |  1  2  3  4  5 |
---------------+----------------+-----
Long Blades    | 3 |  3.9
Dodging        | 4 5 |  5.8
Fighting       | 3 |  3.6
Throwing       | |  1.5

Action                   |  1- 3 |  4- 6 || total
-------------------------+-------+-------++-------
Melee: Long sword        |    75 |   122 ||   197
       Dagger            |     9 |       ||     9
Throw: Throwing net      |       |     3 ||     3
  Use: Scroll            |       |     1 ||     1
 Stab: Sleeping          |       |     1 ||     1
       Held in net/web   |       |     2 ||     2
Armor: Leather armour    |    22 |    32 ||    54
Dodge: Dodged            |    69 |    76 ||   145
       Rpst.: Long sword |    23 |    14 ||    37

Table legend: (Time is in decaauts)
 A = Elapsed time spent in this place.
 B = Non-inter-level travel time spent in this place.
 C = Inter-level travel time spent in this place.
 D = Time resting spent in this place.
 E = Time spent auto-exploring this place.
 F = Levels seen in this place.
 G = Mean time per level.
                   A        B        C        D        E       F      G
               +--------+--------+--------+--------+--------+-----+--------+
         Total |   4983 |   4914 |     69 |    833 |   3548 |   4 | 1245.8 |
       Dungeon |   4983 |   4914 |     69 |    833 |   3548 |   4 | 1245.8 |
               +--------+--------+--------+--------+--------+-----+--------+

Top non-repeatable levels by time:
     D:1: 1332 daAuts
     D:4: 1326 daAuts
     D:2: 1242 daAuts
     D:3: 1082 daAuts
